 Dungeon Crawl Stone Soup version 0.30-a0-760-g5a9884bb7c (webtiles) character file.

Game seed: 7486927831487465861

183508 avis the Marksdemigod (level 17, -1/139 HPs)
             Began as a Demigod Hunter on Feb 10, 2023.
             Shot with an arrow by Vashnia (37 damage)
             ... on level 4 of the Snake Pit on Feb 11, 2023.
             The game lasted 05:45:22 (38154 turns).

avis the Marksdemigod (Demigod Hunter)             Turns: 38154, Time: 05:45:22

Health: -1/139     AC: 15    Str: 12    XL:     17   Next: 16%
Magic:  30/30      EV: 37    Int:  7    God:
Gold:   1442       SH:  0    Dex: 43    Spells: 12/28 levels left

rFire   + . .      SeeInvis +    b - +1 shortbow (freeze)
rCold   . . .      Faith    .    (shield currently unavailable)
rNeg    . . .      Spirit   .    A - +4 troll leather armour {Snorg}
rPois   +          Reflect  .    h - +1 helmet
rElec   +          Harm     +    w - scarf {harm}
rCorr   .          Rampage  .    n - +2 pair of gloves
Will    +....                    f - +1 pair of boots "Ritaceon" {rElec Int-4 Slay+2 SInv}
Stlth   ++++                     V - amulet of magic regeneration
HPRegen 1.23/turn                Q - ring of Suvi {Fly rPois rF+}
MPRegen 0.62/turn                q - +6 ring of dexterity

@: flying, studying 2 skills
A: high MP 1, forlorn, divine attributes
a: no special abilities


You were on level 4 of the Snake Pit.
You visited 6 branches of the dungeon, and saw 30 of its levels.
You also visited: Ossuary.

You collected 3245 gold pieces.
You spent 1803 gold pieces at shops.

Inventory:

Hand Weapons
 a - the +5 scimitar of Ebbeuj {freeze, rF+ MP-9 Dex+4 Stlth+}
   (You found it on level 1 of the Lair of Beasts)

   Dex:       It affects your dexterity (+4).
   rF:        It protects you from fire.
   MP:        It affects your magic capacity (-9).
   Stlth:     It makes you more stealthy.
 b - a +1 shortbow of freezing (weapon)
 l - a +0 vampiric whip
Missiles
 g - a throwing net
Armour
 e - a +2 cloak
 f - the +1 pair of boots "Ritaceon" (worn) {rElec Int-4 Slay+2 SInv}
   (You acquired it on level 11 of the Dungeon)

   Int:       It affects your intelligence (-4).
   Slay:      It affects your accuracy & damage with ranged weapons and melee
   (+2).
   rElec:     It insulates you from electricity.
   SInv:      It lets you see invisible.
 h - a +1 helmet (worn)
 n - a +2 pair of gloves (worn)
 w - a scarf of harm (worn)
 A - a +4 troll leather armour (worn) {Snorg}
Jewellery
 q - a +6 ring of dexterity (right hand)
 J - a ring of positive energy
 P - a ring of protection from cold
 Q - the ring of Suvi (left hand) {Fly rPois rF+}
   (You found it on level 6 of the Dungeon)

   [ring of flight]

   rF:        It protects you from fire.
   rPois:     It protects you from poison.
   Fly:       It grants you flight.
 V - an amulet of magic regeneration (around neck)
Wands
 c - a wand of quicksilver (22)
 m - a wand of iceblast (28)
 o - a wand of digging (25)
 D - a wand of mindburst (6)
 K - a wand of paralysis (27)
 O - a wand of polymorph (7)
 X - a wand of flame (67)
Scrolls
 d - 10 scrolls of blinking
 i - 7 scrolls of fear
 k - 12 scrolls of teleportation
 B - 3 scrolls of butterflies
 G - 2 scrolls of poison
 N - 3 scrolls of fog
 W - 2 scrolls of magic mapping
Potions
 j - 2 potions of brilliance
 p - 4 potions of magic
 r - 19 potions of curing
 s - 8 potions of might
 u - a potion of cancellation
 v - 2 potions of resistance
 z - 7 potions of heal wounds
 C - 5 potions of haste
 E - 2 potions of berserk rage
 L - 4 potions of invisibility
 R - 2 potions of ambrosia
Miscellaneous
 t - a phial of floods
 U - a phantom mirror


   Skills:
 * Level 9.8 Fighting
 - Level 14.0 Long Blades
 - Level 16.0 Ranged Weapons
 - Level 16.0 Dodging
 - Level 4.0 Stealth
 - Level 6.0 Spellcasting
 - Level 12.0 Ice Magic
 - Level 6.0 Air Magic


You had 12 spell levels left.
You knew the following spells:

 Your Spells              Type           Power      Damage    Failure   Level
f - Swiftness             Air            10%        N/A       9%          3
o - Ozocubu's Armour      Ice            18%        N/A       1%          3
r - Frozen Ramparts       Ice            36%        1d6       1%          3
z - Ozocubu's Refrigerat  Ice            9%         4d9       89%         7

Your spell library contained the following spells:

 Spells                   Type           Power      Damage    Failure   Level
 Freeze                   Ice            72%        1d8       1%          1
 Ensorcelled Hibernation  Hex/Ice        20%        N/A       4%          2
 Hailstorm                Conj/Ice       10%        3d5       9%          3
 Poisonous Vapours        Pois/Air       12%        N/A       14%         2
 Cigotuvi's Dreadful Rot  Necr/Pois/Air  8%         N/A       22%         2
 Necrotise                Necr           8%         1d4       32%         1
 Mephitic Cloud           Conj/Pois/Air  4%         N/A       38%         3
 Passwall                 Tmut/Erth      1%         N/A       43%         2
 Metabolic Englaciation   Hex/Ice        5%         N/A       58%         5
 Portal Projectile        Hex/Tloc       4%         N/A       67%         3
 Tukima's Dance           Hex            2%         N/A       67%         3
 Vampiric Draining        Necr           2%         2d6       67%         3
 Leda's Liquefaction      Hex/Erth       1%         N/A       97%         4
 Olgreb's Toxic Radiance  Pois           2%         N/A       97%         4
 Passage of Golubria      Tloc           2%         N/A       97%         4
 Petrify                  Tmut/Erth      2%         N/A       97%         4
 Simulacrum               Ice/Necr       5%         N/A       99%         6
 Agony                    Necr           2%         N/A       100%        5
 Blade Hands              Tmut           1%         N/A       100%        5
 Lee's Rapid Deconstruct  Erth           1%         3d4*      100%        5
 Yara's Violent Unravell  Hex/Tmut       1%         3d3       100%        5
 Statue Form              Tmut/Erth      1%         N/A       100%        6
 Enfeeble                 Hex            1%         N/A       100%        7
 Ignition                 Fire           1%         3d3       100%        8


Dungeon Overview and Level Annotations

Branches:
Dungeon (15/15)            Temple (1/1) D:5            Lair (5/5) D:11
 Shoals (3/4) Lair:2        Snake (4/4) Lair:3        Slime (0/5) Lair:4
    Orc (2/2) D:12            Elf (0/3) Orc:2        Vaults (0/5) D:14
 Depths (0/4) D:15        Ossuary (visited)

Shops:
D:1 !   D:4 (   D:8 :   Orc:2 =![?   Shoals:1 :   Snake:1 [

Annotations:
Snake:4 Vashnia


Innate Abilities, Weirdness & Mutations

You have an increased reservoir of magic. (+10% MP)
You shall have no god before yourself.
Your divine heritage dramatically boosts your attributes as you level up.


Message History

Vashnia is heavily wounded.
The naga sharpshooter shoots an arrow.
The arrow completely misses you.
Vashnia shoots an arrow.
The arrow hits you! The arrow freezes you.
Fire: b) +1 shortbow (freeze)
Press: ? - help, Q - select action, (/) - cycle Shift-Dir - straight line, f/p - Vashnia
Aim: Vashnia, wielding a +1 longbow of freezing and wearing a +0 barding of fire resistance (heavily wounded, 67% to hit)
You shoot an arrow. The arrow hits Vashnia!
The arrow freezes Vashnia.
Vashnia is heavily wounded.
The naga sharpshooter gestures wildly while chanting.
The naga sharpshooter magically shoots an arrow.
The arrow hits you but does no damage.
Vashnia shoots an arrow.
The arrow hits you!! The arrow freezes you!
Fire: b) +1 shortbow (freeze)
Press: ? - help, Q - select action, (/) - cycle Shift-Dir - straight line, f/p - Vashnia
Aim: Vashnia, wielding a +1 longbow of freezing and wearing a +0 barding of fire resistance (heavily wounded, 67% to hit)
You shoot an arrow. The arrow hits Vashnia!
The arrow freezes Vashnia.
Vashnia is severely wounded.
The naga sharpshooter shoots an arrow.
The arrow misses you.
Fire: b) +1 shortbow (freeze)
Press: ? - help, Q - select action, (/) - cycle Shift-Dir - straight line, f/p - Vashnia
Aim: Vashnia, wielding a +1 longbow of freezing and wearing a +0 barding of fire resistance (severely wounded, 67% to hit)
You shoot an arrow. The arrow hits Vashnia.
The arrow freezes Vashnia.
Vashnia is severely wounded.
Vashnia shoots an arrow.
The arrow hits you! The arrow freezes you.
Fire: b) +1 shortbow (freeze)
Press: ? - help, Q - select action, (/) - cycle Shift-Dir - straight line, f/p - Vashnia
Aim: Vashnia, wielding a +1 longbow of freezing and wearing a +0 barding of fire resistance (severely wounded, 67% to hit)
You shoot an arrow. The arrow hits Vashnia.
The arrow freezes Vashnia.
Vashnia is severely wounded.
The naga sharpshooter gestures wildly while chanting.
The naga sharpshooter magically shoots an arrow.
The arrow hits you!
* * * LOW HITPOINT WARNING * * *
Vashnia points at you and mumbles some strange words.
You blink.
Your icy armour cracks and falls away as you move.
The naga sharpshooter casts a spell.
The naga sharpshooter magically shoots a bolt.
The bolt misses you.
Vashnia shoots an arrow.
The arrow hits you!!
You die...

,,,,***............##
*,,,,**##...N.......##
,,**,,**###..^.......##
*****,,***###..[......#
**,,,*##.NN)......#
*,,**#..........##
*,,*##)........##
*,*##.....[...##
**,*#.......@..#
*****,,##.........##
~,~~,,*#......§...#
~,~~~,*#.........##
~,~~~*#..##....###
,∩,,,#...*##..##
~,~~≈...#*##.##
~,~~≈.##* #..# ~,~~,**
#..#


You could see Vashnia and 2 naga sharpshooters.

Vanquished Creatures
  Rupert (D:12)
  Polyphemus (Shoals:3)
  The ghost of Zenkrye the Spry, an adept HuCA of Ignis (Snake:2)
  Roxanne (Snake:4)
  3 nagarajas
  A fire giant (D:15)
  Louise (Shoals:1)
  Aizul (Snake:3)
  The ghost of GuildmasterMusic the Severer, a journeyman MiFi of Okawaru (Shoals:1)
  Snorg (Orc:1)
  5 merfolk impalers (Shoals:3)
  A yaktaur captain (D:13)
  3 merfolk javelineers (Shoals:3)
  A rakshasa (D:14)
  8 hydras
  Erolcha (D:12)
  4 merfolk avatars (Shoals:2)
  A catoblepas (Shoals:3)
  3 centaur warriors
  3 ogre magi (Orc:2)
  10 anacondas
  2 dancing weapons (D:14)
  13 naga warriors
  2 boulder beetles
  22 two-headed ogres
  2 satyrs (Shoals:3)
  The ghost of 2FriedEggs the Zephyrmancer, a novice DsAE of Ashenzari (D:8)
  2 tengu warriors (D:15)
  8 death yaks
  8 shock serpents
  Sonja (Orc:1)
  13 naga sharpshooters
  8 hell knights (D:12)
  2 skysharks (Shoals:2)
  4 salamander mystics
  2 deep trolls
  The ghost of sircluck the Ruffian, a novice TrFi (D:6)
  3 sea snakes
  A wizard (D:15)
  4 naga ritualists (Snake:2)
  A necromancer (D:12)
  2 orc knights
  5 deep elf pyromancers (D:13)
  11 ugly things (D:14)
  7 fauns (Shoals:3)
  10 mana vipers
  An orc sorcerer (D:13)
  6 salamanders
  5 cyclopes
  A wolf spider (D:15)
  An oklob plant (Lair:4)
  9 manticores
  6 merfolk sirens
  An eye of devastation (shapeshifter) (D:13)
  7 slime creatures
  6 elephants
  23 black mambas
  4 water nymphs
  14 naga magi
  2 guardian serpents
  A torpor snail (Lair:3)
  8 kobold demonologists
  11 cane toads
  2 unseen horrors (D:11)
  A torpor snail (shapeshifter) (D:13)
  6 komodo dragons
  3 efreet
  7 rime drakes
  A freezing wraith (D:15)
  A tengu conjurer (D:13)
  16 trolls
  13 merfolk
  A hornet (D:7)
  5 polar bears
  A queen bee (shapeshifter) (D:15)
  Grinder (D:3)
  A wind drake (Shoals:3)
  A raiju (D:13)
  24 blink frogs
  3 dream sheep (Shoals:2)
  3 snapping turtles
  3 shadows
  7 wyverns
  A vampire (D:10)
  Sigmund (D:2)
  2 water elementals
  3 wraiths
  48 yaks
  Eustachio (D:5)
  3 steam dragons
  5 basilisks
  3 vampire mosquitoes
  11 wargs
  42 nagas
  Edmund (D:4)
  8 water moccasins
  11 hell hounds
  An acid dragon (D:12)
  5 ice beasts
  3 sky beasts (D:11)
  13 orc warriors
  4 black bears
  29 wolves
  3 boggarts (D:14)
  27 ogres
  4 centaurs
  2 phantoms
  16 kobold brigands
  Blork the orc (D:4)
  6 necrophages
  17 bullfrogs
  A scorpion (D:5)
  11 gnoll sergeants
  4 wights (D:6)
  4 killer bees
  8 electric eels (Lair:5)
  12 howler monkeys
  A human zombie (Ossuary)
  8 jellies
  15 orc priests
  A hound (D:5)
  A gnoll bouda (D:6)
  Ijyb (D:3)
  22 orc wizards
  4 iguanas
  Natasha (thrice) (D:2)
  7 hell rats
  4 mummies
  11 gnolls
  7 adders
  A white imp (D:6)
  An ufetubus (D:5)
  3 adder zombies (Ossuary)
  A dart slug (D:5)
  62 orcs
  A bat (D:1)
  A bat zombie (D:7)
  8 endoplasms
  A giant cockroach (D:4)
  6 goblins
  9 hobgoblins
  2 jackals (D:1)
  16 kobolds
  A quokka (D:1)
  2 ball pythons
  A gnoll zombie (Ossuary)
  3 goblin zombies (Ossuary)
  3 hobgoblin zombies
  4 kobold zombies
  A quokka zombie (Ossuary)
  3 rats (D:1)
  6 rat zombies
925 creatures vanquished.

Vanquished Creatures (others)
  8 fungi
  45 plants
  11 toadstools (D:5)
64 creatures vanquished.

Grand Total: 989 creatures vanquished

Notes
Turn   | Place    | Note
-------+----------+-------------------------------------------
     0 | D:1      | avis the Demigod Hunter began the quest for the Orb.
     0 | D:1      | Reached XP level 1. HP: 17/17 MP: 3/3
    51 | D:1      | Found Leafemoxux's Distillery.
   158 | D:1      | Reached XP level 2. HP: 22/24 MP: 4/4
   517 | D:1      | Bought a potion of lignification for 39 gold pieces
   763 | D:2      | Noticed Sigmund
   937 | D:2      | Noticed Natasha
   946 | D:2      | Killed Natasha
   947 | D:2      | Reached skill level 1 in Stealth
   947 | D:2      | Reached XP level 3. HP: 21/29 MP: 5/5
  1135 | D:2      | Noticed Natasha
  1138 | D:2      | Killed Natasha
  1190 | D:2      | Noticed Natasha
  1200 | D:2      | Killed Natasha
  1201 | D:2      | Reached XP level 4. HP: 13/38 MP: 6/6
  1636 | D:2      | Killed Sigmund
  1637 | D:2      | Reached skill level 5 in Ranged Weapons
  1637 | D:2      | Reached XP level 5. HP: 45/45 MP: 7/7
  1705 | D:1      | Bought a potion of flight for 39 gold pieces
  1916 | D:3      | Noticed Ijyb
  1925 | D:3      | Killed Ijyb
  2127 | D:3      | Noticed Grinder
  2133 | D:3      | Killed Grinder
  2134 | D:3      | Reached XP level 6. HP: 34/51 MP: 8/8
  2856 | D:4      | Noticed Blork the orc
  2862 | D:4      | Killed Blork the orc
  2990 | D:4      | Noticed Edmund
  3008 | D:4      | Killed Edmund
  3009 | D:4      | Reached skill level 5 in Dodging
  3009 | D:4      | Reached XP level 7. HP: 12/57 MP: 9/9
  3359 | D:4      | Found Folec's Weapon Shoppe.
  3788 | D:5      | Entered Level 5 of the Dungeon
  3890 | D:5      | Found a staircase to the Ecumenical Temple.
  4034 | D:1      | Bought a potion of brilliance for 52 gold pieces
  4034 | D:1      | Bought a potion of might for 52 gold pieces
  4237 | D:5      | Noticed Eustachio
  4254 | D:5      | Killed Eustachio
  4255 | D:5      | Reached XP level 8. HP: 38/66 MP: 10/10
  5010 | D:5      | Noticed a slime creature
  5012 | D:5      | Noticed a slime creature
  5025 | D:5      | Killed a large slime creature
  5190 | Temple   | Entered the Ecumenical Temple
  5460 | D:6      | Found a transporter.
  5460 | D:6      | Found a transporter.
  5593 | D:6      | Reached XP level 9. HP: 65/71 MP: 11/11
  5796 | D:6      | Noticed sircluck's ghost (novice TrFi)
  6117 | D:6      | You fall into a shaft and drop 1 floor!
  6133 | D:7      | Reached skill level 10 in Ranged Weapons
  6178 | D:7      | Found a sand-covered staircase.
  6185 | Ossuary  | Entered an ossuary
  6516 | D:1      | Bought a potion of invisibility for 104 gold pieces
  7172 | D:7      | Noticed a rime drake
  7176 | D:7      | Noticed a rime drake
  7178 | D:7      | Killed a rime drake
  7179 | D:7      | Reached XP level 10. HP: 78/78 MP: 13/13
  7182 | D:7      | Reached skill level 10 in Dodging
  7190 | D:7      | Learned a level 3 spell: Frozen Ramparts
  7193 | D:7      | Found the +4 skin of Zhor {*Englaciate rC+++ SInv}
  7933 | D:8      | Found Unotes's Book Emporium.
  8043 | D:8      | Reached skill level 1 in Spellcasting
  8043 | D:8      | Reached skill level 1 in Ice Magic
  8514 | D:9      | Reached skill level 5 in Fighting
  8592 | D:9      | Found a runed translucent gate.
  8592 | D:9      | Found a runed translucent gate.
  8593 | D:9      | Found a runed translucent gate.
  8594 | D:9      | Noticed 2FriedEggs's ghost (novice DsAE)
  9150 | D:10     | Entered Level 10 of the Dungeon
  9432 | D:10     | Noticed a six-headed hydra
  9444 | D:9      | Killed a six-headed hydra
  9703 | D:10     | Noticed an orc knight
  9724 | D:10     | Killed an orc knight
 10255 | D:11     | Noticed a boulder beetle
 10271 | D:11     | Identified the +6 morningstar of Maixt {antimagic, Fly}
 10409 | D:11     | Reached XP level 11. HP: 81/86 MP: 15/15
 10491 | D:11     | Killed a boulder beetle
 10638 | D:11     | Found a staircase to the Lair.
 11316 | D:11     | Identified a scroll of acquirement
 11349 | D:11     | Acquired the +1 pair of boots "Ritaceon" {rElec Int-4
                  | Slay+2 SInv}
 11368 | Lair:1   | Entered Level 1 of the Lair of Beasts
 11629 | Lair:1   | Identified the +5 scimitar of Ebbeuj {freeze, rF+ MP-9
                  | Dex+4 Stlth+}
 12872 | Lair:2   | Reached skill level 1 in Long Blades
 13119 | Lair:2   | Reached XP level 12. HP: 53/96 MP: 18/18
 13246 | Lair:2   | Found a staircase to the Shoals.
 13404 | Lair:2   | Reached skill level 5 in Long Blades
 13949 | Lair:3   | Found a staircase to the Snake Pit.
 14428 | Lair:3   | Noticed an eight-headed hydra
 14432 | Lair:3   | Killed an eight-headed hydra
 14738 | Lair:3   | Noticed a boulder beetle
 14752 | Lair:3   | Noticed a four-headed hydra
 14761 | Lair:3   | Killed a four-headed hydra
 14762 | Lair:3   | Reached skill level 5 in Ice Magic
 14783 | Lair:3   | Killed a boulder beetle
 15370 | D:8      | Killed 2FriedEggs's ghost
 15756 | D:9      | Reached XP level 13. HP: 105/105 MP: 21/21
 15807 | D:9      | Learned a level 3 spell: Ozocubu's Armour
 15815 | D:9      | Learned a level 7 spell: Ozocubu's Refrigeration
 15953 | Lair:4   | Learned a level 3 spell: Swiftness
 16526 | Lair:4   | Reached skill level 10 in Long Blades
 16950 | Lair:4   | Found a runed translucent door.
 16951 | Lair:4   | Found a staircase to the Slime Pits.
 17520 | Lair:5   | Entered Level 5 of the Lair of Beasts
 19230 | D:12     | Noticed Rupert
 19250 | D:12     | Killed Rupert
 19787 | D:12     | Reached XP level 14. HP: 83/113 MP: 19/22
 20392 | D:12     | Noticed Erolcha
 20403 | D:12     | Killed Erolcha
 20610 | D:12     | Found a staircase to the Orcish Mines.
 20900 | Lair:1   | Upgraded the game from 0.30-a0-757-ga6a79fd877 to
                  | 0.30-a0-760-g5a9884bb7c
 20956 | Orc:1    | Entered Level 1 of the Orcish Mines
 21061 | Orc:1    | Noticed Sonja
 21074 | Orc:1    | Killed Sonja
 21093 | Orc:1    | Noticed Snorg
 21101 | Orc:1    | Killed Snorg
 21614 | Orc:2    | Entered Level 2 of the Orcish Mines
 21771 | Orc:2    | Found Johuxtir's Distillery.
 22120 | Orc:2    | Found a staircase to the Elven Halls.
 22624 | Orc:2    | Found Rilus's Magic Scroll Shop.
 22627 | Orc:2    | Found Xesirch's Antique Armour Shoppe.
 22633 | Orc:2    | Found Botsorghe's Jewellery Shop.
 22891 | Orc:2    | Bought a scroll of identify for 36 gold pieces
 22891 | Orc:2    | Bought 3 scrolls of identify for 108 gold pieces
 23124 | Orc:2    | Bought a potion of curing for 45 gold pieces
 23124 | Orc:2    | Bought a potion of curing for 45 gold pieces
 23124 | Orc:2    | Bought a potion of haste for 150 gold pieces
 23124 | Orc:2    | Bought a potion of haste for 150 gold pieces
 23124 | Orc:2    | Bought a potion of heal wounds for 75 gold pieces
 23134 | Orc:2    | Bought a scroll of blinking for 135 gold pieces
 23134 | Orc:2    | Bought a scroll of teleportation for 54 gold pieces
 23134 | Orc:2    | Bought 3 scrolls of fear for 216 gold pieces
 23134 | Orc:2    | Bought a scroll of brand weapon for 171 gold pieces
 23134 | Orc:2    | Bought a scroll of butterflies for 72 gold pieces
 23346 | Orc:2    | Bought a ring of poison resistance for 260 gold pieces
 23520 | Snake:1  | Entered Level 1 of the Snake Pit
 25287 | Snake:1  | Found Ullup's Armour Shop.
 25794 | Snake:2  | Found a runed translucent door.
 25891 | Snake:2  | Reached XP level 15. HP: 121/121 MP: 23/25
 25898 | Snake:2  | Noticed a nagaraja
 25899 | Snake:2  | Reached skill level 15 in Ranged Weapons
 25906 | Snake:2  | Killed a nagaraja
 26504 | Snake:2  | Noticed Zenkrye's ghost (adept HuCA)
 26657 | Snake:2  | Reached skill level 15 in Dodging
 26915 | Snake:2  | Reached skill level 5 in Spellcasting
 27169 | Snake:2  | Reached skill level 10 in Ice Magic
 27277 | Snake:2  | Reached skill level 1 in Air Magic
 27892 | D:6      | Killed sircluck's ghost
 27960 | D:6      | Identified the ring of Suvi {Fly rPois rF+}
 28458 | Snake:2  | Killed Zenkrye's ghost
 28609 | Shoals:1 | Entered Level 1 of the Shoals
 28748 | Shoals:1 | Noticed Louise
 28956 | Shoals:1 | Found Dataadiu's Book Shoppe.
 29084 | Shoals:1 | Killed Louise
 29205 | Shoals:1 | Found a large runed translucent door.
 29205 | Shoals:1 | Found a large runed translucent door.
 29339 | Shoals:1 | Noticed GuildmasterMusic's ghost (journeyman MiFi)
 29357 | Shoals:1 | Killed GuildmasterMusic's ghost
 29365 | Shoals:1 | Identified the +4 war axe "Rugeup" {flame, Fly rElec rC-
                  | Int+6}
 29368 | Shoals:1 | Identified the amulet of Gluttony {Faith +Inv Fly rC+
                  | Int-3}
 30897 | Snake:3  | Noticed a nagaraja
 30904 | Snake:3  | Killed a nagaraja
 31021 | Snake:3  | Noticed Aizul
 31044 | Snake:3  | Killed Aizul
 31841 | Snake:3  | Reached XP level 16. HP: 127/132 MP: 18/27
 33781 | Shoals:3 | Noticed Polyphemus
 33866 | Shoals:3 | Killed Polyphemus
 36448 | D:14     | Found a gate to the Vaults.
 36802 | D:15     | Entered Level 15 of the Dungeon
 36838 | D:15     | Found a staircase to the Depths.
 36996 | D:15     | Reached skill level 5 in Air Magic
 37083 | D:15     | Reached XP level 17. HP: 126/137 MP: 21/30
 37702 | Snake:4  | Entered Level 4 of the Snake Pit
 37768 | Snake:4  | Noticed Roxanne
 37845 | Snake:4  | Killed Roxanne
 38035 | Snake:4  | Noticed Vashnia
 38154 | Snake:4  | Shot with an arrow by Vashnia

Illustrated notes

Levels and vault maps discovered:
D:1:      dpeg_arrival_simpleton_b, layout_rooms, serial_shops, shop,
          chequers_ecumenical_altar_simple_redux,
          amcnicky_mini_rare_corridor_liquid, chequers_serial_rivers_large_a
D:2:      layout_basic, uniq_natasha, uniq_sigmund
D:3:      layout_loops_ring, old_standard_altar, uniq_grinder, uniq_ijyb
D:4:      layout_basic, grunt_qazlal_clouds, mainiacjoe_overflow_catwalk_spiral,
          serial_shops, nicolae_shop_bloodbath_and_beyond,
          minmay_manual_mandibuliform, uniq_edmund, uniq_blork_the_orc
D:5:      cheibrodos_fertilizer, layout_loops_cross,
          minmay_temple_entry_large_hall, uniq_eustachio
D:6:      layout_loops_ring, lemuel_doored_altar, gammafunk_ghost_gnarly_gnolls,
          corexii_shack
D:7:      layout_rooms, lightli_temple_of_fire,
          lemuel_zombie_altar_kikubaaqudgha, nicolae_ossuary_entry_giza,
          hellmonk_guarded_unrand_zhor
D:8:      layout_rooms, mainiacjoe_overflow_six_doors_small,
          mainiacjoe_overflow_brackets, serial_shops, shop_statue,
          grunt_decor_mini_mirrors
D:9:      layout_cave_pools, gammafunk_ghost_nasty_kobolds,
          hangedman_decor_peaks_small
D:10:     minmay_distorted_concentric_squares, layout_cave_pools,
          pdpol_temple_overflow_zin_treasury_gozag_greed,
          mainiacjoe_overflow_catwalk
D:11:     layout_basic, david_lair_generic, hangedman_misty_isle
D:12:     layout_basic, orc_0_dummy, minmay_rotating_lava, uniq_erolcha,
          uniq_rupert
D:13:     lemuel_castle_with_subvaults [lemuel_castle_interior_original],
          layout_irregular_city
D:14:     layout_rooms, erik_vaults_1, nzn_hepliaklqana_mist_gate
D:15:     grunt_enter_depths_giant_problem, layout_gridville,
          corexii_hall_statues_t
Temple:   nicolae_temple_bog_church
Lair:1:   layout_chaotic_city
Lair:2:   layout_gridlike, elwin_shoals_entry_stream,
          chequers_serial_rivers_micro_c, roderic_carrion_pond
Lair:3:   layout_regular_city, guppyfry_snake_entry_island,
          nzn_masters_of_martial_movement, grunt_megastairs_3,
          serial_bayou_shore_b
Lair:4:   layout_big_grid, slime_entry_2
Lair:5:   wormcave, layout_cave_pods, serial_bayou_lake_a,
          infiniplex_staircase_pool
Shoals:1: layout_shoals, serial_shops, nicolae_shop_trees,
          ebering_ghost_disaster_area, uniq_louise
Shoals:2: layout_shoals, nicolae_shoals_circle_sea_wall
Shoals:3: layout_shoals, nicolae_shoals_mertower, uniq_polyphemus
Snake:1:  layout_onion, serial_shops,
          nicolae_shop_temple_entry_statues_fountains, grunt_megastairs_4
Snake:2:  hangedman_cross_stitches, layout_onion, ebering_ghost_reflecting_pool,
          nicolae_snake_storage_room
Snake:3:  layout_gridlike, grunt_megastairs_5, lemuel_fruit_tree, uniq_aizul
Snake:4:  grunt_snake_rune_serpentine_throne, layout_onion,
          nicolae_shop_self_help, uniq_roxanne, uniq_asterion, uniq_vashnia
Orc:1:    layout_diamond_mine, basic_altar, uniq_snorg, uniq_sonja
Orc:2:    st_orc_open, layout_caves, mines4_lemuel

Skill      XL: |  1  2  3  4  5  6  7  8  9 10 11 12 13 14 15 16 17 |
---------------+----------------------------------------------------+-----
Fighting       | 2 3 4 5 6 7 8 9 |  9.8
Ranged Weapons | 4 5 6 8 10 12 14 15 16 | 16.0
Dodging        | 3 4 5 6 8 9 10 12 13 14 15 16 | 16.0
Stealth        | 1 2 3 4 |  4.0
Spellcasting   | 1 2 3 4 5 6 |  6.0
Ice Magic      | 2 4 6 8 10 12 | 12.0
Long Blades    | 4 8 10 12 13 14 | 14.0
Air Magic      | 4 5 6 |  6.0

Action                     |  1- 3 |  4- 6 |  7- 9 | 10-12 | 13-15 | 16-18 || total
---------------------------+-------+-------+-------+-------+-------+-------++-------
  Melee: Scimitar          |       |       |       |    87 |   412 |   106 ||   605
         Punch             |       |       |       |     1 |     7 |     1 ||     9
   Fire: Shortbow          |    59 |       |       |   101 |  1276 |   732 ||  2168
         Arbalest          |    13 |    73 |   307 |   504 |       |       ||   897
         Sling             |       |       |       |       |       |    17 ||    17
   Cast: Frozen Ramparts   |       |       |       |       |    90 |    45 ||   135
         Ozocubu's Armour  |       |       |       |       |   100 |    66 ||   166
  Evoke: Wand              |       |       |       |       |     1 |       ||     1
    Use: Potion            |       |     2 |     2 |       |     1 |       ||     5
         Scroll            |       |     7 |     9 |     7 |     5 |     5 ||    33
 Armour: Leather armour    |    20 |       |       |       |       |       ||    20
         Robe              |       |     5 |    48 |       |       |       ||    53
         Skin              |       |    15 |       |       |       |       ||    15
         Animal skin       |       |       |       |    57 |    85 |    16 ||   158
         Troll leather arm |       |       |       |       |       |    48 ||    48
  Dodge: Dodged            |    24 |    20 |   167 |   431 |   755 |   375 ||  1772

Table legend: (Time is in decaauts)
 A = Elapsed time spent in this place.
 B = Non-inter-level travel time spent in this place.
 C = Inter-level travel time spent in this place.
 D = Time resting spent in this place.
 E = Time spent auto-exploring this place.
 F = Levels seen in this place.
 G = Mean time per level.
                   A        B        C        D        E       F      G
               +--------+--------+--------+--------+--------+-----+--------+
         Total |  38118 |  30871 |   7247 |   6717 |  11558 |  31 | 1229.6 |
       Dungeon |  18532 |  14428 |   4104 |   3021 |   6605 |  15 | 1235.5 |
        Temple |     81 |     75 |      6 |      0 |      0 |   1 |   81.0 |
          Lair |   7779 |   6079 |   1700 |   1089 |   3016 |   5 | 1555.8 |
        Shoals |   3376 |   2989 |    387 |    486 |    324 |   3 | 1125.3 |
     Snake Pit |   5970 |   5269 |    701 |   1779 |   1305 |   4 | 1492.5 |
  Orcish Mines |   2212 |   1865 |    347 |    341 |    308 |   2 | 1106.0 |
       Ossuary |    165 |    165 |      0 |      0 |      0 |   1 |  165.0 |
               +--------+--------+--------+--------+--------+-----+--------+

Top non-repeatable levels by time:
 Snake:1: 2438 daAuts
    D:12: 1960 daAuts
  Lair:1: 1948 daAuts
 Snake:2: 1920 daAuts
  Lair:3: 1838 daAuts
    D:11: 1684 daAuts
     D:5: 1623 daAuts
    D:13: 1573 daAuts
     D:6: 1546 daAuts
  Lair:2: 1427 daAuts
     D:2: 1377 daAuts
     D:4: 1372 daAuts
  Lair:5: 1365 daAuts
 Snake:3: 1351 daAuts
     D:9: 1317 daAuts
